 Dungeon Crawl Stone Soup version 0.23-a0-730-g0b75920 (console) character file.

140 Duffy the Firebug (level 5, -1/46 HPs)
             Began as an Octopode Fire Elementalist on Jan 17, 2019.
             Slain by a centaur (5 damage)
             ... on level 3 of the Dungeon.
             The game lasted 00:05:32 (3691 turns).

Duffy the Firebug (Octopode Fire Elementalist)      Turns: 3691, Time: 00:05:33

Health: -1/46      AC: 22    Str: 12    XL:     5   Next: 22%
Magic:  1/9        EV:  2    Int: 23    God:
Gold:   200        SH:  0    Dex: 13    Spells: 1/9 levels left

rFire    . . .     SeeInvis .   c - scroll of random uselessness {unknown}
rCold    . . .     Gourm    .   (no shield)
rNeg     + + +     Faith    .   (helmet currently unavailable)
rPois    +         Spirit   .   (no amulet)
rElec    .         Reflect  .   (no ring)
rCorr    .         Harm     .   (no ring)
MR       .....     NoTele   +   (no ring)
Stlth    ++........             (no ring)
HPRegen  0.15/turn              (no ring)
MPRegen  0.11/turn              (no ring)
                                (no ring)
                                (no ring)

@: mighty, brilliant, tree-form, very slightly contaminated
A: almost no armour, stealthy swim, (amphibious), 8 rings, (constrict 8)
a: no special abilities


You were on level 3 of the Dungeon.
You were not hungry.
You were a tree.
You visited 1 branch of the dungeon, and saw 3 of its levels.

You collected 200 gold pieces.

Inventory:

Scrolls
 c - a scroll of random uselessness (in branch) {unknown}
 e - 3 scrolls of remove curse
 f - 2 scrolls of teleportation {unknown}
 h - 2 scrolls of enchant armour {unknown}
 i - a scroll of amnesia {unknown}
 j - 2 scrolls of fear {unknown}
Potions
 a - a potion of brilliance
 d - 2 potions of might
 g - a potion of lignification
 k - a potion of curing {unknown}
 l - a potion of agility {unknown}
 n - a potion of heal wounds {unknown}
Comestibles
 b - 2 rations
 m - 3 chunks of flesh


   Skills:
 - Level 2.0 Dodging
 - Level 2.6 Stealth
 + Level 2.8 Spellcasting
 + Level 3.7 Conjurations
 + Level 3.7 Fire Magic


You had one spell level left.
You knew the following spells:

 Your Spells              Type           Power        Failure   Level  Hunger
h - Flame Tongue          Conj/Fire      ####.        1%          1    None
j - Sticky Flame          Conj/Fire      ####....     3%          4    ####...
l - Conjure Flame         Conj/Fire      ####....     1%          3    ###....

Your spell library contained the following spells:

 Spells                   Type           Power        Failure   Level  Hunger
 Throw Flame              Conj/Fire      ####..       1%          2    ##.....
 Inner Flame              Hex/Fire       ####....     2%          3    ###....
 Fireball                 Conj/Fire      ####......   8%          5    ######.


Dungeon Overview and Level Annotations

Branches:
Dungeon (3/15)

Altars:
Hepliaklqana
Qazlal
Ru
Trog
The Shining One

Annotations:
D:2 Sigmund


Innate Abilities, Weirdness & Mutations

You cannot wear most types of armour.
You are very stealthy in the water. (Stealth+)
((You are amphibious.))
You can wear up to eight rings at the same time.
((You can use your tentacles to constrict eight enemies at once.))
((Your skin changes colour to match your surroundings (Stealth+).))
((Your rubbery body absorbs attacks. (AC +1, EV +1)))


Message History

The centaur hits you but does no damage.
Casting: Flame Tongue (safe; 1% risk of failure)
Confirm with . or Enter, or press ? or * to list all spells.
Aiming: Sticky Flame (safe; 3% risk of failure)
Press: ? - help, Shift-Dir - straight line, f - centaur
Aim: a centaur You miscast Sticky Flame.
You are very lightly contaminated with residual magic.
You smell something strange.
The centaur hits you.
The centaur hits you but does no damage.
Casting: Sticky Flame (safe; 3% risk of failure)
Confirm with . or Enter, or press ? or * to list all spells.
Aiming: Sticky Flame (safe; 3% risk of failure)
Press: ? - help, Shift-Dir - straight line, f/p - centaur
Aim: a centaur The sticky flame hits the centaur.
The centaur is lightly wounded.
The centaur is covered in liquid flames!
The centaur burns!
The centaur hits you.
You die...

#%## #.##.......(..##
#..### ..........(...#
##...# #............#
###.# #............#
####.#### ##....(.....##
....(...# #....(##...##
#####.#.###.###..#######
#.#.#...# ##.c.....#
#...#..%#####7.....#
###.........(......#
#.....#####......#
###...# #......# #...#
#......# #...# #......#
#...# #......# #...#
#......# ##### ......#


You could see a centaur (burning).

Vanquished Creatures
  An orc wizard (D:3)
  A centaur skeleton (D:2)
  An adder (D:2)
  2 oozes
  2 worms
  2 dart slugs (D:1)
  3 leopard geckos
  4 orcs
  4 giant cockroaches
  7 goblins
  2 hobgoblins (D:1)
  A quokka (D:2)
  3 ball pythons
  8 bats
  5 frilled lizards
  2 kobolds (D:1)
  4 rats
52 creatures vanquished.

Vanquished Creatures (others)
  A goblin (D:3)
1 creature vanquished.

Grand Total: 53 creatures vanquished

Notes
Turn   | Place    | Note
-------+----------+-------------------------------------------
     0 | D:1      | Duffy the Octopode Fire Elementalist began the quest for
                  | the Orb.
     0 | D:1      | Reached XP level 1. HP: 11/11 MP: 3/3
   384 | D:1      | Reached XP level 2. HP: 14/17 MP: 3/5
  1045 | D:1      | Reached XP level 3. HP: 21/21 MP: 2/6
  1050 | D:1      | Learned a level 3 spell: Conjure Flame
  1977 | D:2      | Noticed Sigmund
  2372 | D:2      | Found a sacrificial altar of Ru.
  2398 | D:2      | Found a sacrificial altar of Ru.
  2398 | D:2      | Found a hazy altar of Hepliaklqana.
  2398 | D:2      | Found a stormy altar of Qazlal.
  2951 | D:2      | Reached XP level 4. HP: 16/27 MP: 5/7
  3163 | D:3      | Reached XP level 5. HP: 30/31 MP: 2/9
  3188 | D:3      | Learned a level 4 spell: Sticky Flame
  3572 | D:3      | Found a bloodstained altar of Trog.
  3572 | D:3      | Found a glowing golden altar of the Shining One.
  3674 | D:3      | Noticed a centaur
  3691 | D:3      | Slain by a centaur

Vault maps used:
D:1:      ebering_trefoil_3fold
D:2:      gammafunk_temple_overflow_claw, chequers_ecumenical_altar_simple,
          nicolae_ru_sacrificial_ziggurat, uniq_sigmund
D:3:      gammafunk_temple_overflow_elements, lemuel_flame_loot_1

Skill      XL: |  1  2  3 |
---------------+----------+-----
Conjurations   | 2 3 |  3.7
Dodging        | |  2.0
Stealth        | |  2.6
Spellcasting   | |  2.8
Fire Magic     | |  3.7

Action                   |  1- 3 |  4- 6 || total
-------------------------+-------+-------++-------
 Cast: Flame Tongue      |    77 |    30 ||   107
       Conjure Flame     |       |     1 ||     1
       Sticky Flame      |       |     1 ||     1
  Use: Potion            |       |     3 ||     3
       Scroll            |       |     1 ||     1
  Eat: Chunk             |     6 |       ||     6
       Ration            |       |     1 ||     1
Armor: Skin              |     5 |     6 ||    11
Dodge: Dodged            |    25 |    16 ||    41

Table legend:
 A = Non-vault XP
 B = Vault XP
 C = Vault XP percentage of total XP
 D = Non-vault monster count
 E = Vault monster count
 F = Vault count percentage of total count
                 A         B        C        D         E       F
            +---------+---------+-------+---------+---------+-------
      Total |     200 |       0 |   0.0 |      52 |       0 |   0.0
            +---------+---------+-------+---------+---------+-------
        D:1 |      48 |       0 |   0.0 |      21 |       0 |   0.0
        D:2 |      86 |       0 |   0.0 |      18 |       0 |   0.0
        D:3 |      66 |       0 |   0.0 |      13 |       0 |   0.0
            +---------+---------+-------+---------+---------+-------
